 Dungeon Crawl Stone Soup version 0.17.1-1-g73c8601 (webtiles) character file.

7607 Yakui the Spear-Bearer (level 11, -1/90 HPs)
             Began as a Merfolk Gladiator on Dec 26, 2015.
             Was a Priest of Qazlal.
             Slain by a spiny frog (20 damage)
             ... on level 1 of the Lair of Beasts on Dec 30, 2015.
             The game lasted 00:56:45 (13940 turns).

Yakui the Spear-Bearer (Merfolk Gladiator)         Turns: 13940, Time: 00:56:46

Health: -1/90      AC: 11    Str: 16    XL:     11   Next: 17%
Magic:  11/11      EV: 17    Int:  8    God:    Qazlal [***...]
Gold:   468        SH:  9    Dex: 17    Spells: 0 memorised, 10 levels left

rFire  . . .     SeeInvis .     a - +0 trident
rCold  . . .     Clarity  +     p - +0 ring mail
rNeg   . . .     SustAt   .     E - +0 buckler (curse)
rPois  .         Gourm    .     c - +1 helmet
rElec  .         Spirit   .     G - +0 cloak
rCorr  .         Warding  .     (no gloves)
rMut   .         Stasis   .     k - +2 pair of boots
MR     .....                    F - amulet of clarity
Stlth  ++........               (no ring)
                                q - ring of invisibility

@: lethally poisoned (-1 -> -10), about to teleport, not resistant to hostile
enchantments, unstealthy
A: change form in water, swift swim
a: Upheaval, Elemental Force, Renounce Religion, Evoke Invisibility


You were on level 1 of the Lair of Beasts.
You worshipped Qazlal.
Qazlal was most pleased with you.
You were hungry.

You visited 3 branches of the dungeon, and saw 11 of its levels.

You collected 468 gold pieces.

Inventory:

Hand Weapons
 a - a +0 trident (weapon)
 y - a +0 halberd
 L - a +0 glaive
Missiles
 d - 6 throwing nets
 h - 4 poisoned javelins
 v - 17 tomahawks (quivered)
 N - 5 poisoned tomahawks
Armour
 c - a +1 helmet (worn)
 k - a +2 pair of boots (worn)
 p - a +0 ring mail (worn)
 E - a cursed +0 buckler (worn)
 G - a +0 cloak (worn)
Jewellery
 m - an uncursed ring of ice
 q - a ring of invisibility (left hand)
 F - an amulet of clarity (around neck)
Wands
 j - a wand of invisibility (7)
 x - a wand of invisibility (2)
 z - a wand of confusion (7)
 D - a wand of disintegration (11)
 J - a wand of heal wounds (1)
Scrolls
 f - 3 scrolls of remove curse
 l - 2 scrolls of magic mapping
 r - a scroll of teleportation
 B - a scroll of blinking
 I - a scroll of enchant armour
 K - a scroll of fog
 O - a scroll of identify
Potions
 b - a potion of resistance
 i - a potion of agility
 n - 2 potions of haste
 o - 2 potions of heal wounds {unknown}
 s - 2 potions of mutation
 u - a potion of might {unknown}
 w - a potion of flight {unknown}
 A - 2 potions of magic {unknown}
 C - a potion of cure mutation {unknown}
 M - 3 potions of invisibility {unknown}
Comestibles
 e - 5 bread rations
 g - 28 fruits
 H - 2 royal jellies
 P - a chunk of flesh


   Skills:
 - Level 10.0 Fighting
 + Level 14.6 Polearms
 - Level 2.0 Throwing
 - Level 10.0 Dodging
 - Level 6.3 Stealth
 - Level 4.2 Shields


You had 10 spell levels left.
You didn't know any spells.

Dungeon Overview and Level Annotations

Branches:
Dungeon (9/15)             Temple (1/1) D:5            Lair (1/8) D:9
    Orc: D:9-12

Altars:
Ashenzari
Cheibriados
Dithmenos
Elyvilon
Fedhas
Gozag
Kikubaaqudgha
Makhleb
Nemelex Xobeh
Okawaru
Qazlal
Ru
Sif Muna
Trog
Vehumet
Xom
Yredelemnul
Zin
The Shining One
Lugonu

Annotations:
D:3 Elvalys's ghost, amateur MiFi
D:5 exclusion: oklob plant, Grinder
D:7 exclusion: downstairs
D:8 Joseph; abixa's ghost, novice MiHu


Message History

The spiny frog is severely wounded.
The spiny frog stings you but does no damage.
You barely miss the spiny frog.
The spiny frog is severely wounded.
The spiny frog stings you!
You are poisoned.
The spiny frog poisons you!
Read which item? (? for menu, Esc to quit)
As you read the scroll of teleportation, it crumbles to dust.
You feel strangely unstable.
You feel sick. The spiny frog barely misses you.
You closely miss the spiny frog.
The spiny frog is severely wounded.
You feel sick. The spiny frog stings you!
* * * LOW HITPOINT WARNING * * *
You closely miss the spiny frog.
The spiny frog is severely wounded.
You puncture the spiny frog!
The spiny frog is almost dead.
You feel sick. The spiny frog stings you!!
You die...

#........#
#.......##
#......##
#......#
##.....##
#......#
#....#.##
###..##.#
#####@##
##F## #YY##
##..###
#....#####
#........###
##.........(
##........Y
#..........


You could see a spiny frog and 2 sheep.

Vanquished Creatures
  Pikel (D:7)
  Maurice (D:8)
  Psyche (D:8)
  A spiny frog (Lair:1)
  A troll (D:9)
  2 two-headed ogres
  Prince Ribbit (D:8)
  A wyvern (D:8)
  A hippogriff (D:7)
  2 wargs
  Menkaure (D:7)
  2 hungry ghosts
  2 porcupines (Lair:1)
  2 orc warriors (D:9)
  Duvessa (D:6)
  2 black bears (D:7)
  5 ice beasts
  2 slaves (D:7)
  2 wasps
  A sky beast (D:7)
  3 ogres
  5 centaurs
  A big kobold (D:9)
  4 giant frogs
  2 scorpions
  Dowan (D:7)
  6 killer bees
  3 wights (D:9)
  4 crimson imps
  A giant frog zombie (D:8)
  A hound (D:7)
  A gnoll shaman (D:4)
  2 jellies
  4 orc priests
  3 centaur skeletons
  7 orc wizards
  2 iguanas
  10 worker ants
  6 sheep (Lair:1)
  2 hound zombies
  A hound skeleton (D:4)
  A worker ant zombie (D:6)
  10 gnolls
  2 shadow imps
  18 adders
  2 adder skeletons
  An adder zombie (D:9)
  3 worms
  9 giant geckos
  41 orcs
  A ball python (D:5)
  8 bats
  10 hobgoblins
  11 jackals
  6 quokkas
  9 giant cockroaches
  9 giant newts
  A goblin (D:3)
  A jackal skeleton (D:8)
  11 kobolds
  A quokka skeleton (D:5)
  A quokka zombie (D:8)
  5 rats
262 creatures vanquished.

Vanquished Creatures (others)
  An orc (D:9)
  A plant (D:9)
2 creatures vanquished.

Grand Total: 264 creatures vanquished

Notes
Turn   | Place    | Note
--------------------------------------------------------------
     0 | D:1      | Yakui the Merfolk Gladiator began the quest for the Orb.
     0 | D:1      | Reached XP level 1. HP: 16/16 MP: 1/1
     0 | D:1      | Noticed a minotaur
     0 | D:1      | Noticed a troll skeleton
     2 | D:1      | Noticed a human zombie
     2 | D:1      | Noticed a spriggan
     4 | D:1      | Noticed a troll
     5 | D:1      | Noticed a merfolk zombie
     7 | D:1      | Noticed a vine stalker skeleton
     8 | D:1      | Noticed a vine stalker
    10 | D:1      | Noticed a vine stalker zombie
    10 | D:1      | Noticed a troll zombie
    14 | D:1      | Noticed a human zombie
    14 | D:1      | Noticed a human zombie
    16 | D:1      | Noticed a spriggan skeleton
    18 | D:1      | Noticed an elf zombie
    20 | D:1      | Noticed an elf skeleton
   183 | D:1      | Reached skill level 5 in Polearms
   188 | D:1      | Reached XP level 2. HP: 12/22 MP: 2/2
   854 | D:2      | Reached skill level 6 in Polearms
   854 | D:2      | Reached XP level 3. HP: 22/27 MP: 3/3
  1940 | D:3      | Reached XP level 4. HP: 33/33 MP: 4/4
  1962 | D:3      | Reached skill level 7 in Polearms
  2366 | D:3      | Reached XP level 5. HP: 36/41 MP: 5/5
  2367 | D:3      | Found a bloodstained altar of Trog.
  2409 | D:3      | Noticed Elvalys's ghost (amateur MiFi)
  2639 | D:3      | Reached skill level 1 in Stealth
  3250 | D:4      | Reached XP level 6. HP: 48/48 MP: 6/6
  3674 | D:4      | Noticed a centaur
  3682 | D:4      | Killed a centaur
  3682 | D:4      | Reached skill level 5 in Stealth
  3754 | D:4      | Reached XP level 7. HP: 49/55 MP: 7/7
  4260 | D:5      | Entered Level 5 of the Dungeon
  4303 | D:5      | Noticed Grinder
  4387 | D:5      | Reached skill level 5 in Fighting
  4503 | D:5      | Found a staircase to the Ecumenical Temple.
  4510 | Temple   | Entered the Ecumenical Temple
  4551 | Temple   | Became a worshipper of Qazlal Stormbringer
  4584 | D:5      | Found an iron altar of Okawaru.
  4585 | D:5      | Found a sacrificial altar of Ru.
  4943 | D:5      | Paralysed by Grinder for 5 turns
  5139 | D:5      | Found a deep blue altar of Sif Muna.
  5139 | D:5      | Found a basalt altar of Yredelemnul.
  5139 | D:5      | Found an opulent altar of Gozag.
  5139 | D:5      | Found a blossoming altar of Fedhas.
  5146 | D:5      | Found a sparkling altar of Nemelex Xobeh.
  5146 | D:5      | Found a shimmering altar of Xom.
  5275 | D:5      | Found a blossoming altar of Fedhas.
  5293 | D:5      | Noticed an oklob plant
  5375 | D:6      | Reached skill level 8 in Polearms
  5605 | D:6      | Reached skill level 9 in Polearms
  5605 | D:6      | Reached XP level 8. HP: 64/64 MP: 8/8
  5768 | D:6      | Reached skill level 10 in Polearms
  5865 | D:6      | Found a snail-covered altar of Cheibriados.
  6095 | D:7      | Paralysed by a wasp for 2 turns
  6370 | D:7      | Noticed Duvessa
  6370 | D:7      | Noticed Dowan
  6452 | D:7      | Killed Dowan
  6833 | D:6      | Killed Duvessa
  6833 | D:6      | Reached skill level 5 in Dodging
  7104 | D:7      | Reached XP level 9. HP: 60/74 MP: 9/9
  7124 | D:7      | Reached * piety under Qazlal
  7574 | D:7      | Noticed Pikel
  7950 | D:8      | Noticed abixa's ghost (novice MiHu)
  8152 | D:8      | Noticed Maurice
  8329 | D:8      | Killed Maurice
  8631 | D:8      | Found a white marble altar of Elyvilon.
  8642 | D:8      | Reached skill level 1 in Shields
  8646 | D:8      | Reached skill level 10 in Fighting
  8819 | D:8      | Noticed Psyche
  8845 | D:8      | Killed Psyche
  9234 | D:8      | Reached XP level 10. HP: 76/85 MP: 10/10
  9466 | D:7      | Killed Pikel
  9646 | D:7      | Noticed Menkaure
  9665 | D:7      | Killed Menkaure
 10001 | D:9      | Reached skill level 10 in Dodging
 10578 | D:9      | Reached ** piety under Qazlal
 10748 | D:9      | Reached skill level 11 in Polearms
 11252 | D:9      | Found a staircase to the Lair.
 11571 | D:8      | Noticed Prince Ribbit
 11610 | D:8      | Reached skill level 12 in Polearms
 11798 | D:8      | Killed Prince Ribbit
 11915 | D:8      | Noticed Joseph
 12422 | D:9      | Reached skill level 13 in Polearms
 13119 | D:9      | Reached XP level 11. HP: 90/90 MP: 11/11
 13220 | D:9      | Reached skill level 14 in Polearms
 13579 | Lair:1   | Entered Level 1 of the Lair of Beasts
 13907 | Lair:1   | Reached *** piety under Qazlal
 13940 | Lair:1   | Slain by a spiny frog

Action                   |  1- 3 |  4- 6 |  7- 9 | 10-12 || total
-------------------------+-------+-------+-------+-------++-------
Melee: Trident           |   144 |   242 |   575 |   635 ||  1596
Throw: Tomahawk          |       |       |     7 |     6 ||    13
Evoke: Wand              |       |       |       |     2 ||     2
  Use: Scroll            |       |     8 |     8 |     1 ||    17
       Potion            |       |       |       |     1 ||     1
 Stab: Distracted        |       |     1 |     1 |       ||     2
       Sleeping          |       |     1 |     9 |       ||    10
  Eat: Chunk             |     3 |     6 |     7 |    12 ||    28
       Beef jerky        |       |       |     1 |       ||     1
       Meat ration       |       |       |     2 |     1 ||     3
       Pizza             |       |       |     1 |       ||     1
